 Dungeon Crawl Stone Soup version 0.31-a0-1178-gc5c9b8f871 (webtiles) character file.

Game seed: 17416796884055934121

24 ytrimaz the Trooper (level 3, 35/35 HPs)
             Began as a Gnoll Wanderer on Dec 11, 2023.
             Quit the game on level 2 of the Dungeon.
             The game lasted 00:00:51 (836 turns).

ytrimaz the Trooper (Gnoll Wanderer)                 Turns: 836, Time: 00:00:51

Health: 35/35      AC:  2    Str:  9    XL:     3   Next: 2%
Magic:  7/7        EV: 11    Int: 12    God:
Gold:   0          SH:  0    Dex: 14    Spells: 7/7 levels left

rFire   . . .        e - +0 hand axe
rCold   . . .        (no shield)
rNeg    . . .        c - +0 robe
rPois   .            (no helmet)
rElec   .            (no cloak)
rCorr   .            (no gloves)
SInv    .            (no boots)
Will    .....        (no amulet)
Stlth   +++          (no ring)
HPRegen 0.25/turn    (no ring)
MPRegen 0.10/turn

%: no passive effects
@: no status effects
A: fangs 1, strong nose, distributed training
a: no special abilities


You were on level 2 of the Dungeon.
You visited 1 branch of the dungeon, and saw 2 of its levels.


Innate Abilities, Weirdness & Mutations

You have very sharp teeth.
Your uncanny sense of smell can sniff out nearby items.
Your experience applies equally to all skills.


   Skills:
 + Level 6.5 Fighting
 + Level 0.6 Short Blades
 + Level 0.6 Long Blades
 + Level 0.6 Axes
 + Level 0.6 Maces & Flails
 + Level 0.6 Polearms
 + Level 0.6 Staves
 + Level 0.6 Ranged Weapons
 + Level 0.6 Throwing
 + Level 0.6 Armour
 + Level 0.6 Dodging
 + Level 4.1 Stealth
 + Level 0.6 Shields
 + Level 0.6 Unarmed Combat
 + Level 2.8 Spellcasting
 + Level 0.4 Conjurations
 + Level 0.4 Hexes
 + Level 3.7 Summonings
 + Level 0.4 Necromancy
 + Level 0.4 Translocations
 + Level 0.4 Transmutations
 + Level 0.4 Fire Magic
 + Level 3.7 Ice Magic
 + Level 0.4 Air Magic
 + Level 0.4 Earth Magic
 + Level 0.4 Poison Magic
 + Level 0.8 Invocations
 + Level 0.6 Evocations
 + Level 0.5 Shapeshifting


You had 7 spell levels left.
You didn't know any spells.
Your spell library contained the following spells:

 Spells                   Type           Power      Damage    Failure   Level
 Freeze                   Ice            40%        1d6       5%          1
 Summon Small Mammal      Summ           40%        N/A       5%          1
 Frozen Ramparts          Ice            20%        1d4       16%         3
 Animate Armour           Summ/Erth      12%        N/A       71%         4
 Summon Lightning Spire   Summ/Air       6%         N/A       71%         4

Inventory:

Hand Weapons
 a - a +0 dagger
 e - a +0 hand axe (weapon)
   (You found it on level 1 of the Dungeon)
Armour
 c - a +0 robe (worn)
Scrolls
 d - a scroll of teleportation
 f - a scroll of immolation {unknown}
 h - 2 scrolls of identify {unknown}
Potions
 b - 2 potions of brilliance
 g - 2 potions of curing {unknown}

Dungeon Overview and Level Annotations

Branches:
Dungeon (2/15) Zot: 11143

Altars:

#..........#..........
#..........###########
#...............#
#.######.######.#
#.######.# #........#
#..##########
######..##.......r
.........'@.......
######..##........
#............
.....######.## ......#
# ........# #.......#
+.......#


You could see a rat (asleep).


Message History

Unknown command. 😎 HP[+4]
Your hp is fully restored (29).
No target in view!
Found a stone staircase leading down.
A rat comes into view.
A rat is nearby!
A rat is nearby!
A rat is nearby!
The rat squeaks loudly.
The rat bites you. 😕 HP[-1]
You take 1 damage, and now have 28/29 hp.
You hit the rat. The rat closely misses you. The rat bites you.
Unknown command. 😕 HP[-1]
You take 1 damage, and now have 27/29 hp.
You barely miss the rat. The rat bites you but does no damage.
You closely miss the rat. You bite the rat, but do no damage.
The rat bites you but does no damage.
You closely miss the rat.
The rat twitches its whiskers.
The rat barely misses you.
You closely miss the rat.
The rat twitches its whiskers.
The rat closely misses you. x2 😕 HP[+1] Unknown command.
You closely miss the rat. The rat barely misses you.
You barely miss the rat. The rat misses you.
A rat is nearby!
You closely miss the rat. The rat closely misses you.
The rat bites you but does no damage. 😎 HP[+1]
Your hp is fully restored (29).
You hit the rat but do no damage. The rat closely misses you.
Unknown command.
You barely miss the rat. The rat bites you but does no damage.
You hit the rat.
You kill the rat!
You open the door.
There is an open door here.
Key pressed, stopping explore.
No target in view!
Unknown command.
Key pressed, stopping explore.
No target in view!
You open the door.
There is an open door here.
h - 2 scrolls labelled ILIOXI AZEF (gained 1)
You open the door.
Key pressed, stopping explore.
There is an open door here.
There is an open door here.
A frilled lizard comes into view.
A frilled lizard is nearby!
A frilled lizard is nearby!
A frilled lizard is nearby!
Unknown command.
The helpless frilled lizard fails to defend itself.
You hit the frilled lizard.
You kill the frilled lizard!
You have reached level 3!
Your experience leads to an increase in your attributes!
Increase (S)trength, (I)ntelligence, or (D)exterity?
You feel stronger. x2 😎 HP[+6] MP[+2]
You now have 35 max hp (+6).
Your hp is fully restored (35).
Your mp is fully restored (7).
Key pressed, stopping explore.
Key pressed, stopping explore.
Unknown command.
There is an open door here.
Key pressed, stopping explore.
There is an open door here.
You open the door.
There is an open door here.
A malevolent force fills the Dungeon...
You fall into a shaft and drop 1 floor!
The shaft crumbles and collapses.
No target in view!
No target in view!
Found a stone staircase leading up.
Unknown command.
b - 2 potions of brilliance (gained 1)
Found an escape hatch in the ceiling.
A rat comes into view.
A rat is nearby!
A rat is nearby!
The rat squeaks loudly.
You hit the rat.
You kill the rat!
Unknown command.
No target in view!
Unknown command.
You open the door.
There is an open door here.
A rat comes into view.
A rat is nearby!
Are you sure you want to abandon this character and quit the game? (Confirm with "yes".)

Action                     || total
---------------------------++-------
  Melee: Dagger            ||    12
         Hand axe          ||    75
         Bite              ||    10
   Stab: Sleeping          ||     3
 Armour: Robe              ||    56
  Dodge: Dodged            ||    75

Levels and vault maps discovered:
D:1:      scummos_arrival_gate, layout_basic, ebering_ecumenical_altar_rust,
          dreamdust_princess_bridge
D:2:      layout_basic, minmay_mini_jars

Notes
Turn   | Place    | Note
-------+----------+-------------------------------------------
     0 | D:1      | ytrimaz the Gnoll Wanderer began the quest for the Orb.
     0 | D:1      | ytrimaz set off with the following items: a +0 dagger, a
                  | potion of brilliance, a +0 robe, a scroll of teleportation;
                  | and the following spells available to memorise: Freeze,
                  | Summon Small Mammal, Frozen Ramparts, Animate Armour,
                  | Summon Lightning Spire.
     0 | D:1      | Reached XP level 1. HP: 23/23 MP: 4/4
     0 | D:1      | magus.rc [v1.9.6]
   125 | D:1      | Reached XP level 2. HP: 22/29 MP: 5/5
   291 | D:1      | Found a faded altar of an unknown god.
   714 | D:1      | Reached XP level 3. HP: 35/35 MP: 7/7
   788 | D:1      | You fall into a shaft and drop 1 floor!
   836 | D:2      | Quit the game

Vanquished Creatures
  A ball python (D:1)
  2 endoplasms (D:1)
  2 giant cockroaches (D:1)
  2 goblins (D:1)
  A hobgoblin (D:1)
  A kobold (D:1)
  2 quokkas (D:1)
  2 bats (D:1)
  2 frilled lizards (D:1)
  9 rats
24 creatures vanquished.

Table legend:
 A = Non-vault XP
 B = Vault XP
 C = Vault XP percentage of total XP
 D = Non-vault monster count
 E = Vault monster count
 F = Vault count percentage of total count
                 A         B        C        D         E       F
            +---------+---------+-------+---------+---------+-------
      Total |      35 |       0 |   0.0 |      24 |       0 |   0.0
            +---------+---------+-------+---------+---------+-------
        D:1 |      34 |       0 |   0.0 |      23 |       0 |   0.0
        D:2 |       1 |       0 |   0.0 |       1 |       0 |   0.0
            +---------+---------+-------+---------+---------+-------

Action                     || total
---------------------------++-------
  Melee: Dagger            ||    12
         Hand axe          ||    75
         Bite              ||    10
   Stab: Sleeping          ||     3
 Armour: Robe              ||    56
  Dodge: Dodged            ||    75

Illustrated notes

Table legend:
 A = Kills in this place as a percentage of kills in the entire game.
 B = Kills by you in this place as a percentage of kills by you in the entire game.
 C = Kills by friends in this place as a percentage of kills by friends in the entire game.
 D = Other kills in this place as a percentage of other kills in the entire game.
 E = Experience gained in this place as a percentage of experience gained in the entire game.
 F = Experience gained in this place divided by the number of levels of this place that you have seen.
                   A       B       C       D       E      F
               +-------+-------+-------+-------+-------+----------------------
         Total | 100.0 | 100.0 |   N/A |   N/A | 100.0 |  17.5
       Dungeon | 100.0 | 100.0 |   N/A |   N/A | 100.0 |  17.5
               +-------+-------+-------+-------+-------+----------------------

Table legend: (Time is in decaauts)
 A = Elapsed time spent in this place.
 B = Non-inter-level travel time spent in this place.
 C = Inter-level travel time spent in this place.
 D = Time resting spent in this place.
 E = Time spent auto-exploring this place.
 F = Levels seen in this place.
 G = Mean time per level.
                   A        B        C        D        E       F      G
               +--------+--------+--------+--------+--------+-----+--------+
         Total |    856 |    856 |      0 |      0 |    645 |   2 |  428.0 |
       Dungeon |    856 |    856 |      0 |      0 |    645 |   2 |  428.0 |
               +--------+--------+--------+--------+--------+-----+--------+

Top non-repeatable levels by time:
     D:1: 808 daAuts
     D:2: 48 daAuts
